 Dungeon Sprint DCSS version 0.28.0-53-g5a82cb258f (webtiles) character file.

Game seed: 5826934832734947742

2900000 Zeld the Intangible (level 20, -27/181 HPs)
             Began as a Djinni Monk on June 5, 2022.
             Was the Champion of Makhleb.
             Annihilated by a large bag of meat
             ... wielding a +9 giant spiked club
              (55 damage)
             ... in the Dungeon (Sprint VIII: "Arena of Blood").
             The game lasted 00:00:39 (29 turns).

Zeld the Intangible (Djinni Monk)                     Turns: 29, Time: 00:00:39

Health: -27/181    AC:  2    Str: 16    XL:     20   Next: 83%
Gold:   0          EV: 29    Int: 14    God:    Makhleb [******] SH:  0 Dex: 17

rFire   + + .      SeeInvis .   g - +∞ Axe of Woe
rCold   x . .      Faith    .   (shield currently unavailable)
rNeg    . . .      Spirit   .   a - +0 robe
rPois   ∞          Reflect  .   (no helmet)
rElec   .          Harm     .   (no cloak)
rCorr   .          Rampage  .   (no gloves)
Will    ++...      NoTele   +   (boots unavailable)
Stlth   ++........              (no amulet)
HPRegen 0.40/turn               (no ring)
MPRegen 0.00/turn               (no ring)

@: flying
A: sickness immunity, fire resistance 2, cold vulnerability 1, float, innate
caster, HP casting, extra vitality 1
a: Renounce Religion, Minor Destruction, Lesser Servant of Makhleb, Major
Destruction, Greater Servant of Makhleb


You were in the Dungeon.
You worshipped Makhleb.
Makhleb was exalted by your worship.
You visited 1 branch

Inventory:

Hand Weapons
 g - the +∞ Axe of Woe (weapon)
   (You found it in the Dungeon)
Armour
 a - a +0 robe (worn)
Scrolls
 f - a scroll of blinking
Potions
 b - a potion of curing
 c - a potion of heal wounds
 d - a potion of haste
 e - a potion of berserk rage


   Skills:
 O Level 27 Fighting
 + Level 7.2(8.6) Short Blades
 + Level 7.0(8.5) Long Blades
 O Level 27 Axes
 + Level 6.8(19.4) Maces & Flails
 + Level 6.5(19.4) Polearms
 + Level 7.0(9.7) Staves
 + Level 6.2(7.2) Slings
 + Level 5.6 Bows
 + Level 5.1 Crossbows
 + Level 5.5(6.9) Throwing
 + Level 6.9 Armour
 O Level 27 Dodging
 - Level 1.5 Stealth
 + Level 6.1 Shields
 - Level 3.0 Unarmed Combat
 O Level 27 Spellcasting
 O Level 27 Invocations
 + Level 6.2 Evocations


You had 35 spell levels left.
You knew the following spells:

 Your Spells              Type           Power      Damage    Failure   Level
a - Summon Small Mammal   Summ           100%       N/A       0%          1
b - Static Discharge      Conj/Air       76%        N/A       0%          2
c - Gell's Gravitas       Tloc           76%        N/A       0%          3
d - Summon Lightning Spi  Summ/Air       76%        N/A       0%          4
e - Olgreb's Toxic Radia  Pois           76%        N/A       0%          4
f - Silence               Hex/Air        38%        N/A       0%          5
g - Dispersal             Tloc           38%        N/A       0%          6
h - Orb of Destruction    Conj           38%        9d11      1%          7
i - Conjure Ball Lightni  Conj/Air       38%        3x3d12    0%          6
Your spell library was empty.

Dungeon Overview and Level Annotations

Branches:
Dungeon (1/1)

Altars:
Makhleb

Annotations:
D The Servant


Innate Abilities, Weirdness & Mutations

You are immune to sickness and miasma.
You are immune to poison.
Your flesh is very heat resistant. (rF++)
You are vulnerable to cold. (rC-)
You float through the air rather than walking.
You learn spells naturally, not from books.
Your magical power is your life essence.
You have superior vitality. (+4 MHP)


Message History

Your base Long Blades skill gained 5 levels and is now at level 7!
Your base Maces & Flails skill gained 5 levels and is now at level 6!
Your base Polearms skill gained 5 levels and is now at level 6!
Your base Staves skill gained 5 levels and is now at level 7!
Your base Slings skill gained 5 levels and is now at level 6!
Your Bows skill gained 4 levels and is now at level 5!
Your Crossbows skill gained 4 levels and is now at level 5!
Your base Throwing skill gained 4 levels and is now at level 5!
Your Armour skill gained 5 levels and is now at level 6!
Your Shields skill gained 5 levels and is now at level 6!
You have mastered Spellcasting!
Your Evocations skill gained 5 levels and is now at level 6!
Unknown command.
The sculptor of flesh appears out of thin air!
A sculptor of flesh comes into view. It is wielding a +9 great sword.
The destroyer appears out of thin air!
A destroyer comes into view. It is wielding a +9 vorpal great sword.
You are engulfed in blazing flames.
You resist.
The destroyer shouts!
You hear a shout!
The meat berserker is engulfed in blazing flames.
A meat berserker comes into view. It is wielding a +9 battleaxe.
The meat berserker is engulfed in blazing flames.
The meat berserker hits you with a +9 battleaxe!!!
* * * LOW HITPOINT WARNING * * *
The bag of meat is engulfed in blazing flames.
A bag of meat comes into view. It is wielding a +9 war axe.
An eight-headed meat hydra comes into view.
You hear a shout!
The bag of meat is engulfed in blazing flames.
You hear a shout!
The meat berserker rages.
You hear a shout!
The meat berserker is engulfed in blazing flames.
The meat berserker hits you with a +9 battleaxe!!
* * * LOW HITPOINT WARNING * * *
You hear a shout!
The large bag of meat is engulfed in blazing flames.
The large bag of meat completely misses you.
The large bag of meat hits you with a +9 giant spiked club!!!
You die...

D..........o..
.oo........V.
..o.........
..oO.......
.....Oo...
#O..o§oo#
#...ooO§# .
.###....§@§###...
......###OO.....z
......._O§§......
....#...@§#......
. #_.<._#......
#.....#......
....._.........
....O.###........
.###.. ...###...


You could see The Servant, an eight-headed meat hydra, a destroyer, a sculptor
of flesh, 4 large bags of meat, 4 meat berserkers and 11 bags of meat.

Vanquished Creatures
  A vampire knight (D)
  11 ogres (D)
  3 two-headed ogres (D)
  11 orcs (D)
26 creatures vanquished.

Notes
Turn   | Place    | Note
-------+----------+-------------------------------------------
     0 | D        | Found the +∞ Axe of Woe
     0 | D        | Zeld the Djinni Monk began the quest for the Orb.
     0 | D        | Reached XP level 1. HP: 20/20 MP: 0/0
     1 | D        | Noticed a meat berserker
     3 | D        | Became a worshipper of Makhleb the Destroyer
     3 | D        | Reached * piety under Makhleb
     3 | D        | Reached ** piety under Makhleb
     4 | D        | Noticed a meat berserker
     5 | D        | Killed a meat berserker
     5 | D        | Noticed a bag of meat
     6 | D        | Reached skill level 15 in Fighting
     6 | D        | Reached XP level 2. HP: 43/43 MP: 0/0
     6 | D        | Reached XP level 3. HP: 49/49 MP: 0/0
     6 | D        | Learned a level 1 spell: Summon Small Mammal
     6 | D        | Reached XP level 4. HP: 55/55 MP: 0/0
     6 | D        | Reached XP level 5. HP: 60/60 MP: 0/0
     6 | D        | Learned a level 2 spell: Static Discharge
     6 | D        | Reached XP level 6. HP: 67/67 MP: 0/0
     6 | D        | Reached XP level 7. HP: 72/72 MP: 0/0
     6 | D        | Learned a level 3 spell: Gell's Gravitas
     6 | D        | Reached XP level 8. HP: 78/78 MP: 0/0
     6 | D        | Reached XP level 9. HP: 84/84 MP: 0/0
     6 | D        | Learned a level 4 spell: Summon Lightning Spire
     6 | D        | Reached XP level 10. HP: 90/90 MP: 0/0
     6 | D        | Reached XP level 11. HP: 95/95 MP: 0/0
     6 | D        | Learned a level 4 spell: Olgreb's Toxic Radiance
     6 | D        | Reached XP level 12. HP: 102/102 MP: 0/0
     6 | D        | Killed a meat berserker
     7 | D        | Reached XP level 13. HP: 112/112 MP: 0/0
     7 | D        | Learned a level 5 spell: Silence
     7 | D        | Noticed a bag of meat
     7 | D        | Noticed a meat berserker
     7 | D        | Noticed a meat berserker
     7 | D        | Noticed a meat berserker
     9 | D        | Killed a bag of meat
     9 | D        | Noticed a meat berserker
    10 | D        | Reached skill level 15 in Invocations
    10 | D        | Reached XP level 14. HP: 64/121 MP: 0/0
    10 | D        | Killed a meat berserker
    10 | D        | Reached *** piety under Makhleb
    11 | D        | Killed a meat berserker
    11 | D        | Noticed a meat berserker
    11 | D        | Noticed a meat berserker
    11 | D        | Noticed a meat berserker
    11 | D        | Noticed a bag of meat
    12 | D        | Reached skill level 15 in Axes
    12 | D        | Reached XP level 15. HP: 114/132 MP: 0/0
    12 | D        | Learned a level 6 spell: Dispersal
    12 | D        | Killed a meat berserker
    13 | D        | Killed a meat berserker
    13 | D        | Reached **** piety under Makhleb
    14 | D        | Reached skill level 15 in Spellcasting
    14 | D        | Reached XP level 16. HP: 144/144 MP: 0/0
    15 | D        | Noticed a large bag of meat
    16 | D        | Killed a meat berserker
    16 | D        | Killed a meat berserker
    16 | D        | Killed a meat berserker
    16 | D        | Reached ***** piety under Makhleb
    17 | D        | Reached skill level 27 in Dodging
    17 | D        | Reached XP level 17. HP: 157/157 MP: 0/0
    17 | D        | Learned a level 7 spell: Orb of Destruction
    19 | D        | Noticed a meat berserker
    20 | D        | Noticed a destroyer
    20 | D        | Noticed a large bag of meat
    20 | D        | Noticed a meat berserker
    21 | D        | Reached skill level 27 in Fighting
    21 | D        | Reached XP level 18. HP: 127/167 MP: 0/0
    22 | D        | Noticed a large bag of meat
    22 | D        | Noticed a large bag of meat
    22 | D        | Noticed a meat berserker
    23 | D        | Killed a destroyer
    23 | D        | Killed a large bag of meat
    23 | D        | Noticed a large bag of meat
    23 | D        | Noticed a meat berserker
    24 | D        | Reached skill level 27 in Invocations
    24 | D        | Reached XP level 19. HP: 156/174 MP: 0/0
    24 | D        | Learned a level 6 spell: Conjure Ball Lightning
    24 | D        | Killed a meat berserker
    24 | D        | Reached ****** piety under Makhleb
    25 | D        | Noticed a large bag of meat
    25 | D        | Noticed a large bag of meat
    25 | D        | Noticed a meat berserker
    26 | D        | Killed a large bag of meat
    27 | D        | Reached skill level 27 in Axes
    27 | D        | Noticed The Servant
    28 | D        | Reached skill level 1 in Maces & Flails
    28 | D        | Reached skill level 1 in Polearms
    28 | D        | Reached skill level 1 in Slings
    28 | D        | Reached skill level 1 in Bows
    28 | D        | Reached skill level 1 in Crossbows
    28 | D        | Reached skill level 1 in Throwing
    28 | D        | Reached skill level 1 in Armour
    28 | D        | Reached skill level 1 in Shields
    28 | D        | Reached skill level 1 in Evocations
    28 | D        | Reached XP level 20. HP: 51/181 MP: 0/0
    28 | D        | Killed a meat berserker
    28 | D        | Killed a large bag of meat
    28 | D        | Noticed a large bag of meat
    29 | D        | Reached skill level 5 in Bows
    29 | D        | Reached skill level 5 in Crossbows
    29 | D        | Reached skill level 5 in Throwing
    29 | D        | Reached skill level 27 in Spellcasting
    29 | D        | Noticed a destroyer
    29 | D        | Noticed a meat berserker
    29 | D        | Noticed an eight-headed meat hydra
    29 | D        | Annihilated by a large bag of meat

Illustrated notes

Levels and vault maps discovered:
D:        meatsprint

Skill      XL: |  1  2  3  4  5  6  7  8  9 10 11 12 13 14 15 16 17 18 19 20 |
---------------+-------------------------------------------------------------+-----
Fighting       | 15 17 18 20 22 26 27 | 27.0
Axes           | 11 12 13 15 17 19 21 25 27 | 27.0
Dodging        | 16 18 19 22 24 27 | 27.0
Spellcasting   | 9 11 12 14 15 18 19 22 26 27 | 27.0
Invocations    | 12 14 15 18 19 22 24 27 | 27.0
Short Blades   | 2 7 |  7.2
Long Blades    | 2 7 |  7.0
Maces & Flails | 1 6 |  6.8
Polearms       | 1 6 |  6.5
Staves         | 2 7 |  7.0
Slings         | 1 6 |  6.2
Bows           | 1 5 |  5.6
Crossbows      | 1 5 |  5.1
Throwing       | 1 5 |  5.5
Armour         | 1 6 |  6.9
Shields        | 1 6 |  6.1
Evocations     | 1 6 |  6.2
Stealth        | |  1.5
Unarmed Combat | |  3.0

Action                   |  1- 3 |  4- 6 |  7- 9 | 10-12 | 13-15 | 16-18 | 19-21 || total
-------------------------+-------+-------+-------+-------+-------+-------+-------++-------
Melee: Executioner's axe |     1 |       |       |     1 |     5 |     6 |     4 ||    17
Dodge: Dodged            |       |       |       |       |       |     1 |     2 ||     3
